Map: Frost LE

Players

GandalfAwA

  • Race: Zerg Zerg
  • League: Silver

llllllllllll - Winner!

  • Race: Protoss Protoss
  • League: Bronze

VOD

Have the link to the VOD?

Description

Time

  • Played on: July 31, 2016, 10 a.m.
  • Length: 14:04
Show
View Real Time Build Order
Export as new Build Order

GandalfAwA Zerg 

Build Orders: Hatch First 

Get SALT Encoding   

  12  0:03  Drone  
  13  0:15  Overlord  
  13  0:25  Drone  
  14  0:37  Drone x2  
  16  0:57  Hatchery  
  16  1:00  Drone x2  
  17  1:18  Spawning Pool  
  16  1:25  Drone x3  
  19  1:50  Hatchery  
  18  1:54  Drone  
  18  2:00  Extractor  
  18  2:04  Queen  
  18  2:08  Zergling x4  
  22  2:17  Queen  
  24  2:23  Overlord  
  24  2:49  Extractor  
  23  2:53  Zergling x6  
  26  3:07  Zergling x8  
  30  4:07  Drone x4  
  30  4:08  Drone x6  
  30  4:09  Drone x2  
  42  4:22  Overlord x4  
  42  4:48  Lair  
  42  4:50  Pneumatized Carapace  
  42  4:51  Metabolic Boost  
  42  4:58  Roach Warren  
  41  5:05  Drone x5  
  41  5:06  Drone x3  
  49  5:13  Extractor  
  48  5:14  Extractor  
  48  5:19  Drone x2  
  48  5:20  Drone  
  50  5:46  Drone x3  
  50  5:49  Drone x3  
  56  5:56  Roach x4  
  56  5:57  Roach x3  
  70  6:01  Glial Reconstitution  
  70  6:12  Hydralisk Den  
  70  6:15  Infestation Pit  
  68  6:21  Evolution Chamber  
  68  6:22  Evolution Chamber x2  
  65  6:41  Hatchery  
  65  6:45  Hatchery  
  63  6:47  Hydralisk x2  
  63  6:48  Hydralisk x3  
  38  7:13  Hydralisk x3  
  40  8:09  Drone  
  3  9:42  Drone  
  3  9:43  Drone  
  5  10:02  Drone  
  6  10:11  Drone  
  7  10:25  Drone  
  8  10:57  Drone  
  8  10:58  Drone x2  
  11  11:20  Drone x4  
  15  11:30  Drone x2  
  17  12:02  Hydralisk  
Show
View Real Time Build Order
Export as new Build Order

llllllllllll Protoss - Winner!

Build Orders:  

Get SALT Encoding   

  12  0:01  Probe (Chrono Boost)  
  13  0:11  Probe (Chrono Boost)  
  14  0:22  Probe (Chrono Boost)  
  15  0:29  Pylon  
  15  0:38  Assimilator  
  15  0:42  Assimilator  
  15  0:48  Probe (Chrono Boost)  
  16  0:52  Gateway  
  16  0:58  Probe (Chrono Boost)  
  17  1:09  Probe (Chrono Boost)  
  18  1:19  Probe (Chrono Boost)  
  19  1:30  Probe (Chrono Boost)  
  20  1:45  Nexus  
  20  1:49  Probe (Chrono Boost)  
  21  2:06  Cybernetics Core  
  21  2:11  Pylon  
  21  2:16  Probe (Chrono Boost)  
  22  2:26  Probe (Chrono Boost)  
  24  2:37  Probe (Chrono Boost)  
  24  2:42  Stalker  
  26  2:48  Mothership Core (Chrono Boost)  
  28  2:52  Pylon  
  28  2:58  Probe (Chrono Boost)  
  29  3:06  Probe (Chrono Boost)  
  29  3:08  Probe (Chrono Boost)  
  31  3:18  Stargate  
  31  3:19  Probe (Chrono Boost)  
  32  3:20  Stargate  
  32  3:27  Stargate  
  32  3:30  Probe (Chrono Boost)  
  32  3:31  Probe (Chrono Boost)  
  34  3:36  Assimilator  
  34  3:42  Probe (Chrono Boost)  
  34  3:43  Assimilator  
  34  3:44  Probe (Chrono Boost)  
  36  3:53  Probe (Chrono Boost)  
  36  3:54  Pylon  
  37  3:58  Probe (Chrono Boost)  
  38  4:06  Oracle x2  
  44  4:27  Forge  
  44  4:30  Pylon  
  44  4:38  Oracle  
  47  4:49  Probe (Chrono Boost)  
  47  4:51  Probe (Chrono Boost)  
  49  4:55  Pylon  
  49  5:00  Probe (Chrono Boost)  
  49  5:01  Probe (Chrono Boost)  
  49  5:02  Photon Cannon  
  49  5:03  Photon Cannon  
  49  5:05  Photon Cannon  
  51  5:08  Photon Cannon  
  51  5:14  Pylon  
  51  5:20  Oracle x2  
  57  5:27  Probe x2 (Chrono Boost)  
  59  5:38  Probe x2 (Chrono Boost)  
  59  5:39  Pylon  
  61  5:43  Pylon  
  61  5:48  Oracle, Probe (Chrono Boost)  
  65  5:55  Oracle  
  65  5:56  Oracle  
  71  6:03  Probe (Chrono Boost)  
  71  6:04  Probe (Chrono Boost)  
  73  6:09  Photon Cannon  
  73  6:13  Photon Cannon  
  73  6:23  Pylon  
  77  6:39  Void Ray  
  79  6:45  Void Ray  
  81  6:52  Void Ray  
  85  7:19  Void Ray  
  85  7:29  Nexus  
  89  7:31  Pylon  
  89  7:38  Void Ray  
  93  7:55  Void Ray  
  97  7:58  Photon Cannon  
  97  8:01  Photon Cannon  
  97  8:02  Photon Cannon  
  97  8:05  Photon Cannon  
  97  8:07  Pylon  
  97  8:32  Assimilator  
  97  8:34  Void Ray  
  97  8:37  Assimilator  
  97  8:40  Void Ray  
  105  8:45  Nexus  
  105  8:49  Void Ray  
  105  8:54  Probe (Chrono Boost)  
  110  9:05  Probe (Chrono Boost)  
  111  9:43  Pylon  
  111  9:45  Pylon  
  111  9:47  Pylon  
  111  9:48  Pylon  
  111  9:50  Pylon  
  111  9:52  Pylon  
  111  9:53  Pylon  
  111  9:54  Pylon  
  111  9:55  Pylon  
  111  10:00  Pylon  
  111  10:01  Pylon  
  111  10:03  Pylon  
  111  10:04  Pylon  
  111  10:05  Pylon  
  111  10:07  Pylon  
  111  10:08  Pylon  
  111  10:10  Pylon  
  111  10:12  Pylon  
  111  10:13  Pylon  
  111  10:14  Pylon  
  111  10:16  Pylon  
  111  10:19  Pylon  
  111  10:21  Pylon  
  111  10:23  Pylon  
  111  10:24  Pylon  
  111  10:26  Pylon  
  111  10:28  Pylon  
  111  10:30  Pylon  
  111  10:31  Pylon  
  111  10:34  Pylon  
  111  10:38  Pylon x2  
  111  10:40  Pylon  
  111  10:41  Pylon  
  111  10:43  Pylon  
  111  10:45  Pylon  
  111  10:49  Pylon  
  111  10:52  Pylon  
  111  10:55  Pylon  
  111  10:59  Pylon  
  111  11:04  Pylon  
  111  11:10  Pylon  
  111  11:56  Void Ray  
  111  12:02  Void Ray x2  
  123  12:33  Void Ray  
  127  12:44  Void Ray  
Tags
 
Add a new tag
Caveats
  • Supply blocks, unpowered buildings, or Contaminate may cause inaccurate times.
  • Supply counts are checked every 10 seconds.